 Dungeon Crawl Stone Soup version 0.23.0 (webtiles) character file.

Game seed: 7906907164737342716

12596 Hylith the Severer (level 11, 0/104 HPs)
             Began as a Minotaur Berserker on Feb 8, 2019.
             Was a High Priest of Trog.
             Slain by a cyclops (21 damage)
             ... on level 2 of the Orcish Mines.
             The game lasted 00:32:49 (9642 turns).

Hylith the Severer (Minotaur Berserker)             Turns: 9642, Time: 00:32:50

Health: 0/104      AC: 15    Str: 26    XL:     11   Next: 64%
Magic:  10/10      EV: 13    Int:  4    God:    Trog [*****.]
Gold:   1271       SH:  0    Dex:  9    Spells: 10/10 levels left

rFire    . . .     SeeInvis +   F - +1 executioner's axe (chop)
rCold    . . .     Gourm    +   (shield currently unavailable)
rNeg     . . .     Faith    .   b - quicksilver dragon scales
rPois    .         Spirit   .   (helmet restricted)
rElec    .         Reflect  .   t - +1 cloak
rCorr    .         Harm     .   B - +0 pair of gloves
MR       +....                  (no boots)
Stlth    +.........             e - amulet of the gourmand
HPRegen  0.27/turn              a - ring of stealth
MPRegen  0.12/turn              E - ring of see invisible

@: berserk cooldown, slowed, very slow
A: retaliatory headbutt, horns 2
a: Berserk, Trog's Hand, Brothers in Arms, Renounce Religion


You were on level 2 of the Orcish Mines.
You worshipped Trog.
Trog was extremely pleased with you.
You were hungry.

You visited 2 branches of the dungeon, and saw 11 of its levels.

You collected 1271 gold pieces.

Inventory:

Hand Weapons
 F - a +1 executioner's axe of chopping (weapon)
Armour
 b - quicksilver dragon scales (worn)
 t - a +1 cloak (worn)
 B - a +0 pair of gloves (worn)
 C - a +0 plate armour
Jewellery
 a - a ring of stealth (left hand)
 e - an amulet of the gourmand (around neck)
 o - an uncursed ring of ice
 E - a ring of see invisible (right hand)
Wands
 r - a wand of iceblast (5)
Scrolls
 d - 2 scrolls of amnesia {unknown}
 g - 3 scrolls of teleportation
 j - 4 scrolls of remove curse
 k - 3 scrolls of noise
 m - a scroll of blinking {unknown}
 u - a scroll of magic mapping {unknown}
 y - 2 scrolls of fear
 z - a scroll of summoning {unknown}
 G - 2 scrolls of immolation
Potions
 f - a potion of haste {unknown}
 h - 2 potions of agility {unknown}
 i - 4 potions of brilliance {unknown}
 l - 4 potions of might
 n - 2 potions of invisibility {unknown}
 p - 2 potions of cancellation
 q - a potion of flight {unknown}
 s - 2 potions of lignification {unknown}
 w - 4 potions of mutation
 D - 3 potions of curing
 H - a potion of ambrosia {unknown}
Comestibles
 c - 14 rations


   Skills:
 * Level 11.7 Fighting
 * Level 16.0 Axes
 * Level 8.0 Armour
 - Level 6.0 Dodging


You had 10 spell levels left.
You didn't know any spells.
Your spell library was empty.

Dungeon Overview and Level Annotations

Branches:
Dungeon (9/15)             Temple (0/1) D:5             Orc (2/2) D:9
    Elf (0/3) Orc:2
   Lair: D:8-11

Altars:
Ashenzari
Dithmenos
Elyvilon
Gozag
Hepliaklqana
Makhleb
Nemelex Xobeh
Okawaru
Ru
Trog
Uskayaw
Wu Jian
Xom
Zin

Shops:
Orc:1 [   Orc:2 (

Annotations:
D:9 2 transporters, lapinsky's ghost, novice DsBe


Innate Abilities, Weirdness & Mutations

You reflexively headbutt those who attack you in melee.
You have a pair of horns on your head.


Message History

You hit the ettin but do no damage. You headbutt the ettin.
You feel the power of Trog in you as your rage grows.
You kill the ettin!
Trog accepts your kill.
Your Axes skill increases to level 16!
Your Armour skill increases to level 8!
Things that are here:
a +0 dire flail x2; an ettin corpse You feel a strong urge to attack something.
The cyclops throws a large rock.
The large rock hits you!!
* * * LOW HITPOINT WARNING * * *
You see here a large rock.
You are no longer berserk.
You are exhausted.
You feel yourself slow down.
You slash the cyclops!
The cyclops is heavily wounded.
The cyclops hits you.
* * * LOW HITPOINT WARNING * * *
The cyclops hits you!!
You die...

##...## ##...###
####### ##.....#.
##.##..###.....#.#
#.<...(...........
##.##............)
##)###.#.(.........
#.(................
###@.....#..........
##.C................)
#.........#.#......).
##.##.....#....#.....
##.#................
##...................
#......#..........#..
##................#...
#................>.#..


You could see a cyclops.

Vanquished Creatures
  A stone giant (Orc:1)
  2 ettins
  A two-headed ogre (D:8)
  An orc sorcerer (Orc:2)
  3 cyclopes (Orc:2)
  Maurice (D:8)
  Psyche (D:8)
  A polar bear (D:9)
  2 trolls
  Grinder (D:4)
  2 hippogriffs
  A yak (D:9)
  A wyvern (D:8)
  Grum (D:8)
  Eustachio (D:6)
  A hungry ghost (D:8)
  Menkaure (D:6)
  Duvessa (D:5)
  2 black bears
  7 orc warriors
  2 ice beasts
  An eye of draining (D:9)
  2 necrophages
  A phantom (D:4)
  4 ogres
  A centaur (D:9)
  6 wolves
  6 bullfrogs
  Dowan (D:5)
  A gnoll sergeant (Orc:2)
  2 scorpions
  A killer bee (D:8)
  4 wights (D:7)
  2 howler monkeys
  An electric eel (D:9)
  A vampire bat (Orc:2)
  2 centaur zombies
  2 crimson imps (D:6)
  2 hounds
  A jelly (D:7)
  2 quasits
  16 orc priests
  A bullfrog skeleton (D:4)
  Terence (D:2)
  3 iguanas
  Ijyb (D:5)
  10 worker ants
  14 orc wizards
  3 hound skeletons
  A howler monkey zombie (D:8)
  9 gnolls
  7 adders
  4 shadow imps
  A white imp (D:9)
  5 worms
  3 dart slugs (D:1)
  3 leopard geckos
  53 orcs
  13 bats
  10 giant cockroaches
  13 hobgoblins
  26 jackals
  10 kobolds
  5 quokkas
  4 ball pythons
  10 frilled lizards
  9 goblins
  A leopard gecko zombie (D:5)
  A quokka skeleton (D:5)
  11 rats
325 creatures vanquished.

Vanquished Creatures (others)
  2 fungi (Orc:2)
2 creatures vanquished.

Grand Total: 327 creatures vanquished

Notes
Turn   | Place    | Note
-------+----------+-------------------------------------------
     0 | D:1      | Hylith the Minotaur Berserker began the quest for the Orb.
     0 | D:1      | Reached XP level 1. HP: 19/19 MP: 0/0
    56 | D:1      | Reached XP level 2. HP: 11/27 MP: 1/1
    80 | D:1      | Reached skill level 4 in Axes
   420 | D:1      | Reached XP level 3. HP: 24/34 MP: 2/2
   564 | D:1      | Reached ** piety under Trog
   821 | D:2      | Found a white marble altar of Elyvilon.
   832 | D:2      | Reached XP level 4. HP: 28/41 MP: 3/3
   855 | D:2      | Reached skill level 5 in Axes
   859 | D:2      | Reached skill level 5 in Fighting
  1012 | D:2      | Reached XP level 5. HP: 46/48 MP: 4/4
  1066 | D:2      | Found a faded altar of an unknown god.
  1104 | D:2      | Reached *** piety under Trog
  1287 | D:2      | Noticed Terence
  1298 | D:2      | Killed Terence
  1379 | D:3      | Found a hazy altar of Hepliaklqana.
  1433 | D:3      | Found a sacrificial altar of Ru.
  1584 | D:3      | Reached skill level 6 in Axes
  1589 | D:3      | Reached **** piety under Trog
  1630 | D:3      | Reached XP level 6. HP: 35/56 MP: 5/5
  1709 | D:3      | Found a glowing silver altar of Zin.
  2128 | D:4      | Found a shattered altar of Ashenzari.
  2286 | D:4      | Found a bloodstained altar of Trog.
  2380 | D:4      | Noticed Grinder
  2390 | D:4      | Paralysed by Grinder for 4 turns
  2400 | D:4      | Killed Grinder
  2400 | D:4      | Reached skill level 7 in Axes
  2400 | D:4      | Reached XP level 7. HP: 54/63 MP: 6/6
  2610 | D:4      | Reached skill level 8 in Axes
  2843 | D:5      | Entered Level 5 of the Dungeon
  2884 | D:5      | Found a hide-covered altar of Uskayaw.
  2916 | D:5      | Found an opulent altar of Gozag.
  2918 | D:5      | Found a shimmering altar of Xom.
  2918 | D:5      | Found a white marble altar of Elyvilon.
  2923 | D:5      | Found a glowing silver altar of Zin.
  2923 | D:5      | Found a shimmering altar of Xom.
  2923 | D:5      | Found an ornate altar of the Wu Jian Council.
  3008 | D:5      | Found an iron altar of Okawaru.
  3031 | D:5      | Noticed Duvessa
  3032 | D:5      | Noticed Dowan
  3042 | D:5      | Killed Duvessa
  3059 | D:5      | Killed Dowan
  3059 | D:5      | Reached XP level 8. HP: 68/71 MP: 7/7
  3090 | D:5      | Reached skill level 5 in Armour
  3168 | D:5      | Noticed Ijyb
  3176 | D:5      | Killed Ijyb
  3179 | D:5      | Found a staircase to the Ecumenical Temple.
  3315 | D:5      | Reached skill level 9 in Axes
  3885 | D:6      | Noticed Menkaure
  3896 | D:6      | Killed Menkaure
  4135 | D:6      | Got a flickering bronze ring
  4233 | D:6      | Reached skill level 10 in Axes
  4290 | D:6      | You fall through a shaft for 3 floors!
  4561 | D:7      | Reached ***** piety under Trog
  4598 | D:7      | Reached XP level 9. HP: 48/81 MP: 8/8
  4810 | D:7      | Reached skill level 11 in Axes
  5083 | D:7      | Found a burning altar of Makhleb.
  5384 | D:6      | Noticed Eustachio
  5396 | D:6      | Killed Eustachio
  5451 | D:6      | Reached skill level 12 in Axes
  5500 | D:6      | Reached skill level 5 in Dodging
  5519 | D:6      | Found a burning altar of Makhleb.
  5716 | D:8      | Lost intelligence.
  5716 | D:8      | Identified the ring "Sellodd" {rElec rF+++ Str-4 Int-5
                  | SInv} (You found it on level 6 of the Dungeon)
  5761 | D:8      | Noticed Maurice
  5821 | D:8      | Killed Maurice
  5843 | D:8      | Noticed Psyche
  5860 | D:8      | Killed Psyche
  5860 | D:8      | Reached XP level 10. HP: 91/91 MP: 9/9
  5887 | D:8      | Noticed a two-headed ogre
  5894 | D:8      | Killed a two-headed ogre
  5894 | D:8      | Reached skill level 13 in Axes
  5898 | D:8      | Received a gift from Trog
  5906 | D:8      | Noticed Grum
  5912 | D:8      | Killed Grum
  6154 | D:8      | Found a sparkling altar of Nemelex Xobeh.
  6160 | D:8      | Found an ornate altar of the Wu Jian Council.
  6196 | D:8      | Reached skill level 10 in Fighting
  6323 | D:8      | Found a shadowy altar of Dithmenos.
  6761 | D:9      | Found a staircase to the Orcish Mines.
  6765 | D:9      | Reached skill level 14 in Axes
  6856 | D:9      | Noticed a skeletal warrior
  6858 | D:9      | Found a transporter.
  7205 | D:9      | Found a transporter.
  7205 | D:9      | Noticed lapinsky's ghost (novice DsBe)
  7500 | Orc:1    | Entered Level 1 of the Orcish Mines
  7650 | Orc:1    | Found Iggeplawk's Armour Shoppe.
  7690 | Orc:1    | Received a gift from Trog
  7699 | Orc:1    | Reached XP level 11. HP: 82/101 MP: 10/10
  8255 | Orc:2    | Entered Level 2 of the Orcish Mines
  8269 | Orc:2    | Noticed an orc sorcerer
  8276 | Orc:2    | Killed an orc sorcerer
  8296 | Orc:2    | Found a staircase to the Elven Halls.
  8311 | Orc:2    | Noticed an ettin
  8312 | Orc:2    | Found Geocolib's Antique Weapon Emporium.
  8385 | Orc:1    | Killed an ettin
  8385 | Orc:1    | Reached skill level 15 in Axes
  9022 | Orc:2    | Noticed an ettin
  9031 | Orc:2    | Noticed an orc sorcerer
  9059 | Orc:2    | Noticed a stone giant
  9186 | Orc:1    | Killed a stone giant
  9423 | Orc:2    | Noticed an ettin
  9638 | Orc:2    | Killed an ettin
  9638 | Orc:2    | Reached skill level 16 in Axes
  9642 | Orc:2    | Slain by a cyclops

Skill      XL: |  1  2  3  4  5  6  7  8  9 10 11 |
---------------+----------------------------------+-----
Fighting       | 4 5 6 7 9 10 11 | 11.7
Axes           | 4 5 6 7 8 10 12 14 16 | 16.0
Armour         | 3 4 5 6 7 8 |  8.0
Dodging        | 3 4 5 6 |  6.0

Action                   |  1- 3 |  4- 6 |  7- 9 | 10-12 || total
-------------------------+-------+-------+-------+-------++-------
Melee: Hand axe          |    75 |   169 |   139 |       ||   383
       Headbutt          |     9 |    31 |    86 |    56 ||   182
       War axe           |       |       |   244 |   235 ||   479
       Executioner's axe |       |       |       |    61 ||    61
Invok: Berserk           |       |       |     4 |     8 ||    12
  Use: Scroll            |       |     1 |     1 |    12 ||    14
  Eat: Chunk             |       |     5 |     9 |    10 ||    24
       Ration            |       |       |     2 |     3 ||     5
Armor: Animal skin       |     1 |       |       |       ||     1
       Ring mail         |    22 |    45 |     9 |       ||    76
       Quicksilver drago |       |       |   147 |   116 ||   263
Dodge: Dodged            |    48 |    91 |   162 |   187 ||   488
